AoeStats
← Magio.Yapito

Arabian Desert

513241791Analyzed
1v1 RM · 6d ago on Oct 12, 2026· 43m 31s· 2 players
Game mode
Random Map
Map size
Tiny (2 player)
Population
200
Speed
Normal
Resources
Standard
Victory
Conquest
Starting age
Dark Age
Ending age
Imperial Age
RankedLock teamsTeams togetherTeam positionsShared explorationLock speedFull tech treeHidden civsTurbo modeCheats
Victory
Defeat
🇲🇽 Inca · Mexico
1335
+15
vs
🇮🇪 Armenians · Ireland
1317
-15
Conor :3
7:06 Loom
10:31 Feudal Age
11:26 Double-Bit Axe
11:49 Horse Collar
14:28 Town Watch
17:30 Fletching
17:40 Padded Archer Armor
24:06 Castle Age
24:18 Wheelbarrow
24:17 Gold Mining
24:17 Elite Skirmisher
25:16 Bodkin Arrow
26:07 Leather Archer Armor
28:36 Bow Saw
29:16 Ballistics
38:33 Imperial Age
39:16 Bracer
41:19 Chemistry
41:59 Hand Cart
Magio.Yapito
6:17 Loom
9:08 Feudal Age
10:19 Horse Collar
12:17 Double-Bit Axe
13:05 Fletching
15:20 Padded Archer Armor
15:44 Champi Runner
22:36 Castle Age
20:51 Scale Mail Armor
21:04 Arson
21:40 Forging
21:24 Arson
23:48 Wheelbarrow
22:59 Champi Warrior
23:39 Squires
24:32 Chain Mail Armor
25:02 Bow Saw
25:49 Heavy Plow
29:50 Iron Casting
30:53 Town Watch
31:44 Bodkin Arrow
32:48 Andean Sling
32:59 Thumb Ring
34:23 Hand Cart
34:04 Gold Mining
34:08 Elite Skirmisher
40:42 Imperial Age
39:25 Town Patrol
40:09 Gold Shaft Mining
39:26 Stone Mining
40:56 Ballistics
40:46 Capped Ram
43:56 Blast Furnace
Connection lost

Rejoining the realm…

Still unreachable

The connection could not be restored.

Session expired

The server has moved on; the page needs a fresh start.